 Dungeon Crawl Stone Soup version 0.31.0-11-ge490571c62 (webtiles) character file.

Game seed: 14629437993392400292

394 qw the Shooter (level 6, 0/32 HPs)
             Began as a Spriggan Hunter on Feb 5, 2024.
             Slain by a gnoll bouda
             ... wielding a +0 club
              (4 damage)
             ... on level 4 of the Dungeon.
             The game lasted 00:01:43 (2501 turns).

qw the Shooter (Spriggan Hunter)                    Turns: 2501, Time: 00:01:44

Health: 0/32       AC:  2    Str:  7    XL:     6   Next: 52%
Magic:  7/7        EV: 20    Int: 11    God:
Gold:   144        SH:  0    Dex: 20    Spells: 5/5 levels left

rFire   . . .        a - +0 shortbow
rCold   . . .        (shield currently unavailable)
rNeg    . . .        c - +0 robe
rPois   .            (helmet restricted)
rElec   .            (no cloak)
rCorr   .            (gloves unavailable)
SInv    +            (boots unavailable)
Will    ++...        (no amulet)
Stlth   ++           b - ring of willpower
HPRegen 0.25/turn    (no ring)
MPRegen 0.10/turn

%: no passive effects
@: about to teleport, weakened, very quick
A: very small, no large weapons, unfitting armour, see invisible, speed 3
a: no special abilities


You were on level 4 of the Dungeon.
You visited 1 branch of the dungeon, and saw 4 of its levels.

You collected 144 gold pieces.


Innate Abilities, Weirdness & Mutations

You are very small and have problems with some larger weapons.
You are too small for most types of armour.
You have supernaturally acute eyesight. (SInv)
You cover ground extremely quickly. (Speed+++)


   Skills:
 - Level 3.6 Fighting
 + Level 5.9 Ranged Weapons
 - Level 5.0 Dodging
 - Level 1.5 Stealth


You had 5 spell levels left.
You didn't know any spells.
Your spell library was empty.

Inventory:

Hand Weapons
 a - a +0 shortbow (weapon)
Armour
 c - a +0 robe (worn)
Jewellery
 b - a ring of willpower (left hand)
 i - a ring of ice
Wands
 g - a wand of paralysis (8)
 h - a wand of flame (27)
Potions
 e - a potion of might
 m - a potion of curing {unknown}

Dungeon Overview and Level Annotations

Branches:
Dungeon (4/15)
 Temple: D:4-7

Altars:
Ashenzari
Ru
Uskayaw


Message History

You shoot an arrow. The arrow hits the gnoll bouda.
The gnoll bouda is moderately wounded.
The gnoll bouda misses you. The gnoll hits you with a +0 whip.
You shoot an arrow.
The arrow hits the gnoll bouda but does no damage.
The gnoll bouda is moderately wounded.
The gnoll bouda barks out a call to the hunt!
The gnoll picks up the pace!
The gnoll misses you.
You shoot an arrow. The arrow hits the gnoll bouda.
The gnoll bouda is moderately wounded.
The gnoll bouda hits you with a +0 club.
The gnoll misses you.
You shoot an arrow.
The arrow closely misses the gnoll bouda.
The gnoll bouda closely misses you. The gnoll barely misses you.
You shoot an arrow.
The arrow barely misses the gnoll bouda.
Your attacks no longer feel as feeble.
The gnoll bouda hits you with a +0 club.
The gnoll hits you with a +0 whip.
You shoot an arrow.
The arrow hits the gnoll bouda but does no damage.
The gnoll bouda is moderately wounded.
The gnoll bouda completely misses you. The gnoll hits you with a +0 whip.
The gnoll bouda closely misses you. The gnoll closely misses you.
You shoot an arrow. The arrow hits the gnoll bouda.
The gnoll bouda is moderately wounded.
The gnoll bouda gazes fiercely through you!
You feel your attacks grow feeble.
The gnoll bouda hits you with a +0 club!
The gnoll completely misses you.
2500 ||| READING scroll of teleportation.
As you read the scroll of teleportation, it crumbles to dust.
You feel strangely unstable. The gnoll bouda barely misses you.
The gnoll closely misses you.
You shoot an arrow. The arrow hits the gnoll bouda!
The gnoll bouda is severely wounded.
The gnoll bouda hits you with a +0 club.
You die...

...# ####### #######
.).>...# #.....#
..####.# ##.###'#
.......# ####### #..#
7.7 .......# #.....#
#.##7#.#7# ........
.###.....#####..+.._..+.
..#.####
................#7#.#7#.
.##.# #.#..g@.########
7.7 . ....# #...g).#
##'###. .#### #...).###
#..##.. .# .....##
#..##.. .# .#.#. #......
.####### .. . #>##...
.......# # . #.#.##...
..####.## .. #........
........## ######.##


You could see a gnoll bouda and a gnoll (swift).

Vanquished Creatures
  Sigmund (D:2)
  Natasha (thrice) (D:2)
  Robin (D:3)
  2 adders
  2 gnolls (D:4)
  A ribbon worm (D:3)
  3 dart slugs
  6 orcs
  4 ball pythons
  4 bats
  9 endoplasms
  8 giant cockroaches
  4 hobgoblins
  4 jackals (D:2)
  5 quokkas
  3 frilled lizards
  18 goblins
  7 kobolds
  11 rats
96 creatures vanquished.

Notes
Turn   | Place    | Note
-------+----------+-------------------------------------------
     0 | D:1      | qw the Spriggan Hunter began the quest for the Orb.
     0 | D:1      | Reached XP level 1. HP: 10/10 MP: 2/2
     0 | D:1      | 0 ||| qw: Version: 0.3-a-160-g6735b56
     0 | D:1      | 0 ||| qw: Game counter: 6282
     0 | D:1      | 0 ||| qw: Melee chars always use a shield: true
     0 | D:1      | 0 ||| qw: God list: Okawaru
     0 | D:1      | 0 ||| qw: Allow faded altars: false
     0 | D:1      | 0 ||| qw: Do Orc after clearing Dungeon:15 true
     0 | D:1      | 0 ||| qw: Do second Lair branch before Depths: true
     0 | D:1      | 0 ||| qw: Lair rune preference: random
     0 | D:1      | 0 ||| qw: Goals: Normal
     0 | D:1      | 0 ||| PLANNING D:1-11
    33 | D:1      | Reached skill level 3 in Dodging
    71 | D:1      | Reached XP level 2. HP: 13/14 MP: 3/3
   121 | D:1      | Found a faded altar of an unknown god.
   374 | D:1      | Reached XP level 3. HP: 18/18 MP: 4/4
   665 | D:1      | 665 ||| DROPPING scroll of butterflies.
   740 | D:2      | Noticed Natasha
   743 | D:2      | Killed Natasha
   756 | D:2      | Reached XP level 4. HP: 11/22 MP: 5/5
   820 | D:2      | Noticed Natasha
   827 | D:2      | Killed Natasha
  1067 | D:2      | Noticed Sigmund
  1083 | D:2      | 1083 ||| DRINKING murky dark potion.
  1084 | D:2      | 1084 ||| DRINKING metallic black potion.
  1088 | D:2      | 1088 ||| DRINKING fizzy coppery potion.
  1092 | D:2      | Killed Sigmund
  1093 | D:2      | Reached skill level 3 in Fighting
  1093 | D:2      | Reached XP level 5. HP: 17/28 MP: 6/6
  1093 | D:2      | Reached XP level 6. HP: 20/32 MP: 7/7
  1159 | D:2      | Found a sacrificial altar of Ru.
  1212 | D:2      | 1212 ||| UPGRADING to ring of willpower.
  1213 | D:2      | 1213 ||| READING scroll labelled QIENUPH FOCOPATZ.
  1214 | D:2      | 1214 ||| READING scroll labelled XEOXYH KOGAPS.
  1214 | D:2      | 1214 ||| IDENTIFYING amethyst potion
  1215 | D:2      | 1215 ||| READING scroll labelled HATWYM MYIDDEQU.
  1304 | D:2      | 1304 ||| DROPPING potion of magic.
  1345 | D:2      | Noticed Natasha
  1348 | D:2      | 1348 ||| FLEEEEING.
  1349 | D:2      | 1349 ||| FLEEEEING.
  1350 | D:2      | 1350 ||| FLEEEEING.
  1351 | D:2      | 1351 ||| FLEEEEING.
  1352 | D:2      | 1352 ||| FLEEEEING.
  1353 | D:2      | 1353 ||| FLEEEEING.
  1362 | D:2      | Killed Natasha
  1551 | D:2      | 1551 ||| DROPPING ring of magical power.
  1552 | D:2      | 1552 ||| READING 2 scrolls of identify.
  1552 | D:2      | 1552 ||| IDENTIFYING scroll labelled DYNODO NAOGE
  1728 | D:3      | Noticed Robin
  1737 | D:3      | Killed Robin
  1762 | D:3      | 1762 ||| FLEEEEING.
  1808 | D:3      | 1808 ||| FLEEEEING.
  1810 | D:3      | 1810 ||| FLEEEEING.
  1875 | D:3      | Found a broken altar of Ashenzari.
  2154 | D:3      | 2154 ||| READING 2 scrolls of identify.
  2154 | D:3      | 2154 ||| IDENTIFYING sedimented white potion
  2155 | D:3      | 2155 ||| READING scroll of identify.
  2155 | D:3      | 2155 ||| IDENTIFYING fuming purple potion
  2156 | D:3      | 2156 ||| READING scroll labelled XES QUHALOENN.
  2157 | D:3      | 2157 ||| READING scroll labelled TACVOMM BUUSTI.
  2258 | D:3      | 2258 ||| DROPPING potion of attraction.
  2455 | D:4      | Found a hide-covered altar of Uskayaw.
  2499 | D:4      | HP: 3/32 [gnoll bouda/+0 club (8)]
  2500 | D:4      | 2500 ||| READING scroll of teleportation.
  2501 | D:4      | Slain by a gnoll bouda

Levels and vault maps discovered:
D:1:      lightli_arrival_windingriver, layout_loops_ring,
          hellmonk_ecumenical_altar_blasted, wad_floor_pattern_untrapped,
          minmay_worlds_worst_comb
D:2:      layout_basic, basic_altar, serial_glass, glass_columns_c,
          glass_columns_a, wad_orctagon, uniq_sigmund, uniq_natasha
D:3:      layout_rooms, mainiacjoe_overflow_alcove_1, uniq_robin
D:4:      layout_loops_cross, kennysheep_little_box,
          minmay_temple_entry_statues_pillars

Skill      XL: |  1  2  3  4 |
---------------+-------------+-----
Dodging        | 3 4 5 |  5.0
Ranged Weapons | 5 |  5.9
Fighting       | 3 |  3.6
Stealth        | |  1.5

Action                     |  1- 3 |  4- 6 || total
---------------------------+-------+-------++-------
   Fire: Shortbow          |    71 |   206 ||   277
    Use: Potion            |       |     3 ||     3
         Scroll            |       |     9 ||     9
 Armour: Robe              |    11 |    33 ||    44
  Dodge: Dodged            |    20 |    71 ||    91

Table legend:
 A = Non-vault XP
 B = Vault XP
 C = Vault XP percentage of total XP
 D = Non-vault monster count
 E = Vault monster count
 F = Vault count percentage of total count
                 A         B        C        D         E       F
            +---------+---------+-------+---------+---------+-------
      Total |     246 |     318 |  56.4 |      74 |      22 |  22.9
            +---------+---------+-------+---------+---------+-------
        D:1 |      33 |      10 |  23.3 |      22 |       5 |  18.5
        D:2 |     118 |     273 |  69.8 |      22 |       6 |  21.4
        D:3 |      53 |      35 |  39.8 |      21 |      11 |  34.4
        D:4 |      42 |       0 |   0.0 |       9 |       0 |   0.0
            +---------+---------+-------+---------+---------+-------
